WCHLSIM.com - West Coast Hockey League
html PUBLIC "-//W3C//DTD XHTML 1.0 Transitional//EN" "http://www.w3.org/TR/xhtml1/DTD/xhtml1-transitional.dtd"> WCHL - Game 999 - LAS VEGAS LIZARD KINGS vs ANCHORAGE ACES

LAS VEGAS LIZARD KINGS vs ANCHORAGE ACES

Created - 11 mars 2024 at 20:25

Goals
1 2 3 T
LAS VEGAS LIZARD KINGS 0 0 0 0
ANCHORAGE ACES 1 1 1 3
Shots
1 2 3 T
LAS VEGAS LIZARD KINGS 9 9 0 18
ANCHORAGE ACES 8 8 12 28

1st period

1. ANCHORAGE ACES , Robert Bortuzzo 1 (Connor McDavid 44, Seth Jones 29) at 13:44

Penalties :
No Penalty

2nd period

2. ANCHORAGE ACES , Connor McDavid 31 (Alexander DeBrincat 29, Seth Jones 30) at 6:34 (PP)

Penalties :
Brayden McNabb (LVG) for Holding (Minor) at 5:15, Patrik Nemeth (LVG) for Roughing (Minor) at 8:01, Phillip Danault (ANC) for Hooking (Minor) at 8:14

3rd period

3. ANCHORAGE ACES , Erik Haula 17 (Ryan Pulock 12) at 15:48

Penalties :
Patrik Nemeth (LVG) for Hooking (Minor) at 13:41, Dillon Dube (LVG) for Hooking (Minor) at 19:47

Goalie Stats

Sergei Bobrovsky (LVG), 25 saves from 28 shots - (0,893), L, 29-19-4, 60:00 minutes
Darcy Kuemper (ANC), 18 saves from 18 shots - (1,000), W, 43-12-6, 60:00 minutes

Players Stats for LAS VEGAS LIZARD KINGS

Player Name              G  A  P  +/- PIM S  H  SB GA TA FO     MP     PP MP  PK MP  
------------------------------------------------------------------------------------
Brandon Hagel            0  0  0  -1  0   2  3  1  0  0  0/1    19:32   0:13   2:41 
Brayden McNabb           0  0  0   0  2   0  3  0  0  0  0/0    24:11   0:00   1:35 
Dillon Dube              0  0  0  -1  2   1  2  1  0  0  2/2    14:02   0:13   0:00 
Dmitry Kulikov           0  0  0   0  0   0  1  2  0  0  0/0    20:45   0:00   1:56 
Evan Rodrigues           0  0  0  -1  0   2  1  1  0  0  0/2    16:38   0:00   0:00 
Jeff Carter              0  0  0  -1  0   3  1  2  0  0  15/21  14:47   0:13   0:00 
Joe Pavelski             0  0  0   0  0   2  0  0  0  0  2/3    20:24   0:00   1:02 
John Marino              0  0  0   0  0   1  0  2  0  0  0/0    24:37   0:13   1:47 
Johnny Gaudreau          0  0  0   0  0   2  1  0  0  0  1/1    18:08   0:00   0:00 
Luke Glendening          0  0  0   0  0   0  0  1  0  0  5/7     6:44   0:00   0:00 
Matt Roy                 0  0  0   0  0   1  0  1  0  0  0/0    21:27   0:00   1:56 
Matthew Grzelcyk         0  0  0  -2  0   0  0  0  0  0  0/0    13:43   0:00   0:12 
Patrik Nemeth            0  0  0  -2  4   0  4  0  0  0  0/0    13:29   0:00   0:00 
Ryan Nugent-Hopkins      0  0  0   0  0   0  2  0  0  0  10/20  19:10   0:00   1:02 
Ty Dellandrea            0  0  0   0  0   0  1  1  0  0  3/8     9:25   0:00   2:41 
Victor Olofsson          0  0  0  -1  0   2  0  0  0  0  0/0    13:50   0:00   0:00 
Vladislav Namestnikov    0  0  0  -1  0   2  1  1  0  0  8/19   16:51   0:13   0:00 
Zemgus Girgensons        0  0  0   0  0   0  0  0  0  0  0/0     6:44   0:00   0:00 

Players Stats for ANCHORAGE ACES

Player Name              G  A  P  +/- PIM S  H  SB GA TA FO     MP     PP MP  PK MP  
------------------------------------------------------------------------------------
Alex Killorn             0  0  0   0  0   3  0  0  0  0  0/1    18:46   1:51   0:13 
Alexander DeBrincat      0  1  1   0  0   3  3  0  0  0  0/1    18:53   1:52   0:04 
Chris Kreider            0  0  0   0  0   3  1  0  0  0  1/1    18:49   1:52   0:00 
Connor McDavid           1  1  2   1  0   5  1  0  0  0  13/32  22:43   1:52   0:00 
Erik Haula               1  0  1   1  0   2  2  0  0  0  11/20  18:16   0:00   0:00 
Filip Hronek             0  0  0   0  0   0  1  1  0  0  0/0    20:38   2:03   0:13 
Jack Johnson             0  0  0   1  0   0  0  0  0  0  0/0    16:25   0:00   0:00 
Jakob Chychrun           0  0  0   0  0   3  1  0  0  0  0/0    20:50   2:03   0:00 
Jani Hakanpaa            0  0  0   1  0   1  3  1  0  0  0/0    16:59   0:00   0:00 
Marcus Johansson         0  0  0   1  0   0  1  0  0  0  0/2    18:16   0:00   0:00 
Nathan MacKinnon         0  0  0   0  0   2  1  0  0  0  1/3    19:54   1:51   0:09 
Phillip Danault          0  0  0   0  2   1  1  0  0  0  12/22  18:13   1:50   0:00 
Robert Bortuzzo          1  0  1   1  0   1  0  0  0  0  0/0     2:30   0:00   0:00 
Ryan Pulock              0  1  1   0  0   1  2  1  0  0  0/0    19:41   1:40   0:13 
Sam Gagner               0  0  0   1  0   0  0  0  0  0  0/0     2:57   0:00   0:00 
Seth Jones               0  2  2   1  0   1  1  1  0  0  0/0    22:57   1:40   0:00 
Sheldon Dries            0  0  0   1  0   0  1  0  0  0  0/0     2:57   0:00   0:00 
Yegor Sharangovich       0  0  0   1  0   2  0  0  0  0  0/2    18:16   0:00   0:00 

3 Stars

1 - Darcy Kuemper (ANC)
2 - Connor McDavid (ANC)
3 - Erik Haula (ANC)

Power Play

LAS VEGAS LIZARD KINGS - 0 on 1 Attempt(s) - 0,00%
ANCHORAGE ACES - 1 on 4 Attempt(s) - 25,00%

Penalty Kill

LAS VEGAS LIZARD KINGS - 3 on 4 Attempt(s) - 75,00% - Score 0 goal in Penalty Kill
ANCHORAGE ACES - 1 on 1 Attempt(s) - 100,00% - Score 0 goal in Penalty Kill

Team Stat

LAS VEGAS LIZARD KINGS - Hits : 20 - Faceoff Wins : 46 - Blocked Shots : 13 - Penalty Minutes : 8
ANCHORAGE ACES - Hits : 19 - Faceoff Wins : 38 - Blocked Shots : 4 - Penalty Minutes : 2

Official

Referees : Corey Syvret and Justin St. Pierre
Linesman : Neil Campbell and Colin Gates

Game Notes

No Game Note

Finance

Level 1 -- Attendance: 5628 (93,80%) -- Ticket Income 1 125 600 $
Level 2 -- Attendance: 5000 (100,00%) -- Ticket Income 625 000 $
Level 3 -- Attendance: 2000 (100,00%) -- Ticket Income 208 000 $
Level 4 -- Attendance: 4000 (100,00%) -- Ticket Income 280 000 $
Luxury Box -- Attendance: 900 (90,00%) -- Ticket Income 292 500 $
Game was played at the Alaska Center.
Total Attendance: 17528 (97,38%)
Total Ticket Income: 2 531 100 $
Other Expense: 25 311 $
Total Income: 2 505 789 $

LAS VEGAS LIZARD KINGS

5 vs 5 Forward 
   Center                   Left Wing                Right Wing               Time % Phy DF OF 
 1 Ryan Nugent-Hopkins      Johnny Gaudreau          Joe Pavelski             37     0   1  4  
 2 Vladislav Namestnikov    Brandon Hagel            Evan Rodrigues           30     0   2  3  
 3 Jeff Carter              Dillon Dube              Victor Olofsson          23     0   3  2  
 4 Luke Glendening          Zemgus Girgensons        Ty Dellandrea            10     1   3  1  

5 vs 5 Defense 
   Defense                  Defense                                           Time % Phy DF OF 
 1 Brayden McNabb           John Marino                                       45     1   2  2  
 2 Dmitry Kulikov           Matt Roy                                          35     1   2  2  
 3 Matthew Grzelcyk         Patrik Nemeth                                     20     1   3  1  
 4 Brayden McNabb           Matt Roy                                          0      1   2  2  

PowerPlay Forward 
   Center                   Left Wing                Right Wing               Time % Phy DF OF 
 1 Ryan Nugent-Hopkins      Johnny Gaudreau          Joe Pavelski             65     0   0  5  
 2 Jeff Carter              Dillon Dube              Vladislav Namestnikov    35     0   0  5  

PowerPlay Defense
   Defense                  Defense                                           Time % Phy DF OF 
 1 Brandon Hagel            John Marino                                       55     0   1  4  
 2 Matt Roy                 Matthew Grzelcyk                                  45     0   1  4  

Penalty Kill 4 Players Forward 
   Center                   Wing                     Time % Phy DF OF 
 1 Ty Dellandrea            Brandon Hagel            55     1   2  2  
 2 Joe Pavelski             Ryan Nugent-Hopkins      45     1   2  2  

Penalty Kill 4 Players Defense
   Defense                  Defense                  Time % Phy DF OF 
 1 Brayden McNabb           John Marino              60     1   2  2  
 2 Dmitry Kulikov           Matt Roy                 40     1   2  2  

Penalty Kill - 3 Players Forward 
   Forward                                           Time % Phy DF OF 
 1 Zemgus Girgensons                                 55     1   4  0  
 2 Luke Glendening                                   45     1   4  0  

Penalty Kill - 3 Players Defense
   Defense                  Defense                  Time % Phy DF OF 
 1 Brayden McNabb           Matt Roy                 55     1   4  0  
 2 Dmitry Kulikov           Matthew Grzelcyk         45     1   4  0  

4 vs 4 Forward 
   Center                   Wing                     Time % Phy DF OF 
 1 Ryan Nugent-Hopkins      Johnny Gaudreau          55     1   2  2  
 2 Jeff Carter              Joe Pavelski             45     1   2  2  

4 vs 4 Defense
   Defense                  Defense                  Time % Phy DF OF 
 1 Brayden McNabb           John Marino              55     1   2  2  
 2 Dmitry Kulikov           Matt Roy                 45     1   2  2  

Last Minutes Offensive
   Center                   Left Wing                Right Wing               Defense                  Defense                  
   Ryan Nugent-Hopkins      Johnny Gaudreau          Joe Pavelski             Matthew Grzelcyk         Matt Roy                 

Last Minutes Defensive
   Center                   Left Wing                Right Wing               Defense                  Defense                  
   Ryan Nugent-Hopkins      Vladislav Namestnikov    Joe Pavelski             Brayden McNabb           John Marino              

Goaltenders
Starting : Sergei Bobrovsky         
Backup : Kaapo Kahkonen           

Extra Forwards
Normal : Evan Rodrigues, Victor Olofsson, Joe Pavelski - PP : Brandon Hagel, Ty Dellandrea - PK : Evan Rodrigues
Extra Defensemen
Normal : Brayden McNabb, Dmitry Kulikov, Matt Roy - PP : John Marino - PK : Brayden McNabb, Matt Roy
Penalty Shots
Johnny Gaudreau, Ryan Nugent-Hopkins, Joe Pavelski, Brandon Hagel, Evan Rodrigues
Custom OT Lines Forwards
Johnny Gaudreau, Ryan Nugent-Hopkins, Joe Pavelski, Brandon Hagel, Vladislav Namestnikov, Evan Rodrigues, Victor Olofsson, Jeff Carter, Ty Dellandrea, Dillon Dube
Custom OT Lines Defensemen
Brayden McNabb, John Marino, Dmitry Kulikov, Matt Roy, Matthew Grzelcyk

Scratches
Jalen Chatfield (Healthy), Jordan Greenway (Healthy), Nathan Walker (Healthy)

ANCHORAGE ACES

5 vs 5 Forward 
   Center                   Left Wing                Right Wing               Time % Phy DF OF 
 1 Connor McDavid           Alex Killorn             Nathan MacKinnon         33     0   2  3  
 2 Phillip Danault          Chris Kreider            Alexander DeBrincat      33     0   2  3  
 3 Erik Haula               Marcus Johansson         Yegor Sharangovich       31     0   2  3  
 4 Connor McDavid           Sheldon Dries            Sam Gagner               3      1   2  2  

5 vs 5 Defense 
   Defense                  Defense                                           Time % Phy DF OF 
 1 Seth Jones               Jakob Chychrun                                    35     1   2  2  
 2 Filip Hronek             Ryan Pulock                                       35     1   2  2  
 3 Jani Hakanpaa            Jack Johnson                                      23     1   2  2  
 4 Robert Bortuzzo          Seth Jones                                        7      1   2  2  

PowerPlay Forward 
   Center                   Left Wing                Right Wing               Time % Phy DF OF 
 1 Phillip Danault          Alex Killorn             Nathan MacKinnon         50     0   0  5  
 2 Connor McDavid           Chris Kreider            Alexander DeBrincat      50     0   1  4  

PowerPlay Defense
   Defense                  Defense                                           Time % Phy DF OF 
 1 Filip Hronek             Jakob Chychrun                                    55     1   1  3  
 2 Ryan Pulock              Seth Jones                                        45     1   2  2  

Penalty Kill 4 Players Forward 
   Center                   Wing                     Time % Phy DF OF 
 1 Phillip Danault          Alex Killorn             55     1   2  2  
 2 Erik Haula               Yegor Sharangovich       45     1   2  2  

Penalty Kill 4 Players Defense
   Defense                  Defense                  Time % Phy DF OF 
 1 Seth Jones               Jani Hakanpaa            55     1   2  2  
 2 Ryan Pulock              Filip Hronek             45     1   2  2  

Penalty Kill - 3 Players Forward 
   Forward                                           Time % Phy DF OF 
 1 Phillip Danault                                   55     1   2  2  
 2 Erik Haula                                        45     1   2  2  

Penalty Kill - 3 Players Defense
   Defense                  Defense                  Time % Phy DF OF 
 1 Seth Jones               Filip Hronek             55     1   2  2  
 2 Ryan Pulock              Jani Hakanpaa            45     1   2  2  

4 vs 4 Forward 
   Center                   Wing                     Time % Phy DF OF 
 1 Nathan MacKinnon         Connor McDavid           55     1   2  2  
 2 Phillip Danault          Chris Kreider            45     1   2  2  

4 vs 4 Defense
   Defense                  Defense                  Time % Phy DF OF 
 1 Jakob Chychrun           Seth Jones               55     1   2  2  
 2 Jani Hakanpaa            Filip Hronek             45     1   2  2  

Last Minutes Offensive
   Center                   Left Wing                Right Wing               Defense                  Defense                  
   Connor McDavid           Phillip Danault          Nathan MacKinnon         Seth Jones               Filip Hronek             

Last Minutes Defensive
   Center                   Left Wing                Right Wing               Defense                  Defense                  
   Connor McDavid           Phillip Danault          Nathan MacKinnon         Seth Jones               Filip Hronek             

Goaltenders
Starting : Darcy Kuemper            
Backup : Jaroslav Halak           

Extra Forwards
Normal : Connor McDavid, Phillip Danault, Chris Kreider - PP : Erik Haula, Phillip Danault - PK : Nathan MacKinnon
Extra Defensemen
Normal : Ryan Pulock, Jani Hakanpaa, Jack Johnson - PP : Robert Bortuzzo - PK : Filip Hronek, Seth Jones
Penalty Shots
Nathan MacKinnon, Alexander DeBrincat, Connor McDavid, Alex Killorn, Chris Kreider
Custom OT Lines Forwards
Nathan MacKinnon, Alex Killorn, Connor McDavid, Phillip Danault, Chris Kreider, Alexander DeBrincat, Yegor Sharangovich, Erik Haula, Marcus Johansson, Sam Gagner
Custom OT Lines Defensemen
Filip Hronek, Seth Jones, Jakob Chychrun, Ryan Pulock, Jani Hakanpaa

Scratches
None


% Time on Ice - LAS VEGAS LIZARD KINGS

Lines # - Real PCT - Wanted PCT - Time Play
Normal Forward
1 - 31% - 37% - 17:06
2 - 31% - 30% - 16:38
3 - 25% - 23% - 13:50
4 - 12% - 10% - 6:44
Normal Defense
1 - 40% - 45% - 21:35
2 - 35% - 35% - 19:12
3 - 25% - 20% - 13:31
4 - 0% - 0% - 0:00
PP Forward
1 - 0% - 65% - 0:00
2 - 100% - 35% - 0:13
PP Defense
1 - 100% - 55% - 0:13
2 - 0% - 45% - 0:00
PK Forward
1 - 72% - 55% - 2:41
2 - 28% - 45% - 1:02
PK Defense
1 - 48% - 60% - 1:47
2 - 52% - 40% - 1:56
PK3 Forward
1 - 0% - 55%
2 - 0% - 45%
PK3 Defense
1 - 0% - 55%
2 - 0% - 45%
44 Forward
1 - 58% - 55% - 1:02
2 - 42% - 45% - 0:44
44 Defense
1 - 58% - 55% - 1:02
2 - 42% - 45% - 0:44
Last Minute Offensive  - 0:00
Last Minute Defensive  - 0:00
Total
Forward - 60:00
Defense - 60:00

% Time on Ice - ANCHORAGE ACES

Lines # - Real PCT - Wanted PCT - Time Play
Normal Forward
1 - 31% - 33% - 16:42
2 - 30% - 33% - 16:23
3 - 34% - 31% - 18:16
4 - 5% - 3% - 2:57
Normal Defense
1 - 32% - 35% - 17:35
2 - 33% - 35% - 17:48
3 - 30% - 23% - 16:25
4 - 5% - 7% - 2:30
PP Forward
1 - 50% - 50% - 1:51
2 - 50% - 50% - 1:52
PP Defense
1 - 55% - 55% - 2:03
2 - 45% - 45% - 1:40
PK Forward
1 - 100% - 55% - 0:13
2 - 0% - 45% - 0:00
PK Defense
1 - 0% - 55% - 0:00
2 - 100% - 45% - 0:13
PK3 Forward
1 - 0% - 55%
2 - 0% - 45%
PK3 Defense
1 - 0% - 55%
2 - 0% - 45%
44 Forward
1 - 68% - 55% - 1:12
2 - 32% - 45% - 0:34
44 Defense
1 - 68% - 55% - 1:12
2 - 32% - 45% - 0:34
Last Minute Offensive  - 0:00
Last Minute Defensive  - 0:00
Total
Forward - 60:00
Defense - 60:00

Play-by-Play

1st period


0:01 of 1st period - Ryan Nugent-Hopkins wins face-off versus Connor McDavid in neutral zone.
0:32 of 1st period - Shot by Johnny Gaudreau.
0:32 of 1st period - Stopped by Darcy Kuemper without a rebound.
0:33 of 1st period - Phillip Danault wins face-off versus Vladislav Namestnikov in ANCHORAGE ACES zone.
0:33 of 1st period - Phillip Danault is hit by Brandon Hagel.
0:50 of 1st period - Icing by Matt Roy.
0:51 of 1st period - Vladislav Namestnikov wins face-off versus Yegor Sharangovich in LAS VEGAS LIZARD KINGS zone.
1:24 of 1st period - Icing by Jani Hakanpaa.
1:25 of 1st period - Jeff Carter wins face-off versus Erik Haula in ANCHORAGE ACES zone.
1:31 of 1st period - Dillon Dube is hit by Jani Hakanpaa and loses puck.
1:54 of 1st period - Icing by Matthew Grzelcyk.
1:55 of 1st period - Jeff Carter wins face-off versus Phillip Danault in LAS VEGAS LIZARD KINGS zone.
2:03 of 1st period - Off-side.
2:04 of 1st period - Ryan Nugent-Hopkins wins face-off versus Phillip Danault in neutral zone.
2:51 of 1st period - Shot by Phillip Danault.
2:51 of 1st period - Shot Blocked by John Marino.
3:00 of 1st period - Icing by Brayden McNabb.
3:01 of 1st period - Johnny Gaudreau wins face-off versus Connor McDavid in LAS VEGAS LIZARD KINGS zone.
3:29 of 1st period - Shot by Seth Jones.
3:29 of 1st period - Stopped by Sergei Bobrovsky without a rebound.
3:30 of 1st period - Luke Glendening wins face-off versus Yegor Sharangovich in LAS VEGAS LIZARD KINGS zone.
4:17 of 1st period - Icing by Jani Hakanpaa.
4:18 of 1st period - Vladislav Namestnikov wins face-off versus Erik Haula in ANCHORAGE ACES zone.
4:39 of 1st period - Shot by Brandon Hagel.
4:39 of 1st period - Shot Blocked by Jani Hakanpaa.
4:41 of 1st period - Shot by Evan Rodrigues.
4:41 of 1st period - Stopped by Darcy Kuemper without a rebound.
4:42 of 1st period - Jeff Carter wins face-off versus Connor McDavid in ANCHORAGE ACES zone.
4:43 of 1st period - Shot by Victor Olofsson.
4:43 of 1st period - Stopped by Darcy Kuemper with a rebound.
4:46 of 1st period - Icing by Jakob Chychrun.
4:47 of 1st period - Jeff Carter wins face-off versus Alex Killorn in ANCHORAGE ACES zone.
4:58 of 1st period - Shot by Jeff Carter.
4:58 of 1st period - Stopped by Darcy Kuemper without a rebound.
4:59 of 1st period - Phillip Danault wins face-off versus Evan Rodrigues in ANCHORAGE ACES zone.
5:10 of 1st period - Shot by Brandon Hagel.
5:10 of 1st period - Shot Misses the Net.
5:12 of 1st period - Shot by Brayden McNabb.
5:12 of 1st period - Shot Misses the Net.
5:14 of 1st period - Shot by Evan Rodrigues.
5:14 of 1st period - Shot Misses the Net.
5:32 of 1st period - Shot by Brandon Hagel.
5:32 of 1st period - Shot Misses the Net.
5:37 of 1st period - Shot by Vladislav Namestnikov.
5:37 of 1st period - Stopped by Darcy Kuemper without a rebound.
5:38 of 1st period - Jeff Carter wins face-off versus Connor McDavid in ANCHORAGE ACES zone.
5:43 of 1st period - Shot by Jeff Carter.
5:43 of 1st period - Stopped by Darcy Kuemper without a rebound.
5:44 of 1st period - Connor McDavid wins face-off versus Jeff Carter in ANCHORAGE ACES zone.
6:23 of 1st period - Shot by Seth Jones.
6:23 of 1st period - Shot Blocked by Matt Roy.
6:25 of 1st period - Shot by Connor McDavid.
6:25 of 1st period - Shot Misses the Net.
7:40 of 1st period - Shot by Yegor Sharangovich.
7:40 of 1st period - Shot Blocked by Dillon Dube.
7:42 of 1st period - Shot by Erik Haula.
7:42 of 1st period - Shot Blocked by Dmitry Kulikov.
7:58 of 1st period - Shot by Marcus Johansson.
7:58 of 1st period - Shot Misses the Net.
8:52 of 1st period - John Marino is hit by Sheldon Dries and loses puck.
9:55 of 1st period - Shot by Phillip Danault.
9:55 of 1st period - Stopped by Sergei Bobrovsky without a rebound.
9:56 of 1st period - Erik Haula wins face-off versus Luke Glendening in LAS VEGAS LIZARD KINGS zone.
10:07 of 1st period - Erik Haula is hit by Ty Dellandrea and loses puck.
10:50 of 1st period - Icing by Jani Hakanpaa.
10:51 of 1st period - Erik Haula wins face-off versus Vladislav Namestnikov in ANCHORAGE ACES zone.
11:14 of 1st period - Shot by Connor McDavid.
11:14 of 1st period - Stopped by Sergei Bobrovsky with a rebound.
11:40 of 1st period - Shot by Connor McDavid.
11:40 of 1st period - Shot Misses the Net.
12:46 of 1st period - Shot by Chris Kreider.
12:46 of 1st period - Shot Blocked by Dmitry Kulikov.
13:08 of 1st period - Shot by Marcus Johansson.
13:08 of 1st period - Shot Misses the Net.
13:10 of 1st period - Shot by Yegor Sharangovich.
13:10 of 1st period - Stopped by Sergei Bobrovsky without a rebound.
13:11 of 1st period - Vladislav Namestnikov wins face-off versus Connor McDavid in LAS VEGAS LIZARD KINGS zone.
13:16 of 1st period - Seth Jones is hit by Vladislav Namestnikov.
13:36 of 1st period - Shot by Connor McDavid.
13:36 of 1st period - Shot Misses the Net.
13:38 of 1st period - Shot by Sam Gagner.
13:38 of 1st period - Shot Misses the Net.
13:40 of 1st period - Shot by Seth Jones.
13:40 of 1st period - Shot Misses the Net.
13:42 of 1st period - Shot by Connor McDavid.
13:42 of 1st period - Shot Misses the Net.
13:44 of 1st period - Shot by Robert Bortuzzo.
13:44 of 1st period - Goal by Robert Bortuzzo - LAS VEGAS LIZARD KINGS : 0 - ANCHORAGE ACES : 1.
13:45 of 1st period - Erik Haula wins face-off versus Ryan Nugent-Hopkins in neutral zone.
13:48 of 1st period - Brayden McNabb is hit by Erik Haula and loses puck.
14:03 of 1st period - Shot by Johnny Gaudreau.
14:03 of 1st period - Stopped by Darcy Kuemper without a rebound.
14:04 of 1st period - Jeff Carter wins face-off versus Phillip Danault in ANCHORAGE ACES zone.
15:18 of 1st period - John Marino is hit by Alexander DeBrincat and loses puck.
15:30 of 1st period - Icing by Phillip Danault.
15:31 of 1st period - Phillip Danault wins face-off versus Vladislav Namestnikov in ANCHORAGE ACES zone.
16:02 of 1st period - Nathan MacKinnon is hit by Patrik Nemeth and loses puck.
16:22 of 1st period - Connor McDavid is hit by Patrik Nemeth and loses puck.
16:45 of 1st period - Shot by Marcus Johansson.
16:45 of 1st period - Shot Misses the Net.
16:52 of 1st period - Erik Haula is hit by Patrik Nemeth.
17:11 of 1st period - Shot by Yegor Sharangovich.
17:11 of 1st period - Shot Misses the Net.
17:16 of 1st period - Icing by Patrik Nemeth.
17:17 of 1st period - Connor McDavid wins face-off versus Vladislav Namestnikov in LAS VEGAS LIZARD KINGS zone.
17:24 of 1st period - Shot by Connor McDavid.
17:24 of 1st period - Stopped by Sergei Bobrovsky without a rebound.
17:25 of 1st period - Ryan Nugent-Hopkins wins face-off versus Connor McDavid in LAS VEGAS LIZARD KINGS zone.
17:57 of 1st period - Johnny Gaudreau is hit by Seth Jones and loses puck.
18:32 of 1st period - Shot by Dmitry Kulikov.
18:32 of 1st period - Deflect By Victor Olofsson.
18:32 of 1st period - Stopped by Darcy Kuemper without a rebound.
18:33 of 1st period - Luke Glendening wins face-off versus Phillip Danault in ANCHORAGE ACES zone.
18:52 of 1st period - Luke Glendening is hit by Alexander DeBrincat and loses puck.
18:59 of 1st period - Shot by Alexander DeBrincat.
18:59 of 1st period - Deflect By Chris Kreider.
18:59 of 1st period - Stopped by Sergei Bobrovsky without a rebound.
19:00 of 1st period - Jeff Carter wins face-off versus Erik Haula in LAS VEGAS LIZARD KINGS zone.
19:10 of 1st period - Erik Haula is hit by Brayden McNabb.
19:18 of 1st period - Shot by Yegor Sharangovich.
19:18 of 1st period - Stopped by Sergei Bobrovsky without a rebound.
19:19 of 1st period - Ryan Nugent-Hopkins wins face-off versus Connor McDavid in LAS VEGAS LIZARD KINGS zone.
19:26 of 1st period - Nathan MacKinnon is hit by Ryan Nugent-Hopkins and loses puck.
19:30 of 1st period - Icing by Jakob Chychrun.
19:31 of 1st period - Connor McDavid wins face-off versus Vladislav Namestnikov in ANCHORAGE ACES zone.
19:31 of 1st period - Connor McDavid is hit by Brandon Hagel.
19:41 of 1st period - Shot by Evan Rodrigues.
19:41 of 1st period - Deflect By Brandon Hagel.
19:41 of 1st period - Stopped by Darcy Kuemper with a rebound.
Goals for this period are 0 for LAS VEGAS LIZARD KINGS vs 1 for ANCHORAGE ACES.
Shots for this period are 9 for LAS VEGAS LIZARD KINGS vs 8 for ANCHORAGE ACES.

2nd period


0:01 of 2nd period - Ryan Nugent-Hopkins wins face-off versus Connor McDavid in neutral zone.
0:06 of 2nd period - Alex Killorn is hit by Ryan Nugent-Hopkins and loses puck.
0:17 of 2nd period - Shot by Johnny Gaudreau.
0:17 of 2nd period - Shot Blocked by Seth Jones.
0:25 of 2nd period - Shot by Joe Pavelski.
0:25 of 2nd period - Stopped by Darcy Kuemper without a rebound.
0:26 of 2nd period - Dillon Dube wins face-off versus Phillip Danault in ANCHORAGE ACES zone.
0:52 of 2nd period - Dillon Dube is hit by Alexander DeBrincat and loses puck.
1:02 of 2nd period - Icing by Filip Hronek.
1:03 of 2nd period - Phillip Danault wins face-off versus Ryan Nugent-Hopkins in ANCHORAGE ACES zone.
1:21 of 2nd period - Icing by John Marino.
1:22 of 2nd period - Ryan Nugent-Hopkins wins face-off versus Connor McDavid in LAS VEGAS LIZARD KINGS zone.
1:41 of 2nd period - Icing by John Marino.
1:42 of 2nd period - Erik Haula wins face-off versus Ryan Nugent-Hopkins in LAS VEGAS LIZARD KINGS zone.
3:50 of 2nd period - Zemgus Girgensons is hit by Filip Hronek and loses puck.
3:59 of 2nd period - Shot by Alexander DeBrincat.
3:59 of 2nd period - Shot Blocked by Luke Glendening.
4:01 of 2nd period - Shot by Phillip Danault.
4:01 of 2nd period - Shot Misses the Net.
4:09 of 2nd period - Shot by Alexander DeBrincat.
4:09 of 2nd period - Stopped by Sergei Bobrovsky without a rebound.
4:10 of 2nd period - Connor McDavid wins face-off versus Jeff Carter in LAS VEGAS LIZARD KINGS zone.
4:15 of 2nd period - Shot by Sheldon Dries.
4:15 of 2nd period - Shot Misses the Net.
4:17 of 2nd period - Shot by Robert Bortuzzo.
4:17 of 2nd period - Shot Misses the Net.
4:42 of 2nd period - Connor McDavid is hit by Brayden McNabb and loses puck.
4:50 of 2nd period - Icing by Brayden McNabb.
4:51 of 2nd period - Erik Haula wins face-off versus Jeff Carter in LAS VEGAS LIZARD KINGS zone.
5:06 of 2nd period - Shot by Erik Haula.
5:06 of 2nd period - Shot Misses the Net.
5:15 of 2nd period - Minor Penalty to Brayden McNabb for Holding.
5:16 of 2nd period - Ty Dellandrea wins face-off versus Phillip Danault in LAS VEGAS LIZARD KINGS zone.
5:50 of 2nd period - Shot by Jakob Chychrun.
5:50 of 2nd period - Stopped by Sergei Bobrovsky without a rebound.
5:51 of 2nd period - Joe Pavelski wins face-off versus Connor McDavid in LAS VEGAS LIZARD KINGS zone.
6:00 of 2nd period - Shot by Joe Pavelski.
6:00 of 2nd period - Shot Misses the Net.
6:05 of 2nd period - Joe Pavelski is hit by Ryan Pulock and loses puck.
6:28 of 2nd period - Shot by Seth Jones.
6:28 of 2nd period - Shot Blocked by Brandon Hagel.
6:34 of 2nd period - Shot by Connor McDavid.
6:34 of 2nd period - Goal by Connor McDavid - LAS VEGAS LIZARD KINGS : 0 - ANCHORAGE ACES : 2.
6:35 of 2nd period - Erik Haula wins face-off versus Jeff Carter in neutral zone.
6:54 of 2nd period - Shot by Jeff Carter.
6:54 of 2nd period - Stopped by Darcy Kuemper without a rebound.
6:55 of 2nd period - Ryan Nugent-Hopkins wins face-off versus Connor McDavid in ANCHORAGE ACES zone.
7:17 of 2nd period - Nathan MacKinnon is hit by Brayden McNabb and loses puck.
7:38 of 2nd period - Shot by Alex Killorn.
7:38 of 2nd period - Stopped by Sergei Bobrovsky without a rebound.
7:39 of 2nd period - Phillip Danault wins face-off versus Vladislav Namestnikov in LAS VEGAS LIZARD KINGS zone.
7:48 of 2nd period - Shot by Vladislav Namestnikov.
7:48 of 2nd period - Stopped by Darcy Kuemper with a rebound.
7:50 of 2nd period - Shot by Vladislav Namestnikov.
7:50 of 2nd period - Shot Misses the Net.
7:52 of 2nd period - Shot by Evan Rodrigues.
7:52 of 2nd period - Stopped by Darcy Kuemper without a rebound.
7:53 of 2nd period - Luke Glendening wins face-off versus Erik Haula in ANCHORAGE ACES zone.
7:54 of 2nd period - Shot by Ty Dellandrea.
7:54 of 2nd period - Shot Misses the Net.
8:00 of 2nd period - Shot by Yegor Sharangovich.
8:00 of 2nd period - Shot Misses the Net.
8:01 of 2nd period - Minor Penalty to Patrik Nemeth for Roughing.
8:02 of 2nd period - Phillip Danault wins face-off versus Ty Dellandrea in LAS VEGAS LIZARD KINGS zone.
8:14 of 2nd period - Minor Penalty to Phillip Danault for Hooking.
8:15 of 2nd period - Nathan MacKinnon wins face-off versus Ryan Nugent-Hopkins in ANCHORAGE ACES zone.
8:24 of 2nd period - Shot by Nathan MacKinnon.
8:24 of 2nd period - Stopped by Sergei Bobrovsky without a rebound.
8:25 of 2nd period - Ryan Nugent-Hopkins wins face-off versus Nathan MacKinnon in LAS VEGAS LIZARD KINGS zone.
9:08 of 2nd period - Shot by Connor McDavid.
9:08 of 2nd period - Shot Misses the Net.
9:29 of 2nd period - Icing by Matt Roy.
9:30 of 2nd period - Jeff Carter wins face-off versus Alexander DeBrincat in LAS VEGAS LIZARD KINGS zone.
9:30 of 2nd period - Jeff Carter is hit by Jani Hakanpaa.
9:42 of 2nd period - Alexander DeBrincat is hit by Jeff Carter and loses puck.
9:57 of 2nd period - Shot by Alexander DeBrincat.
9:57 of 2nd period - Shot Misses the Net.
10:04 of 2nd period - Icing by John Marino.
10:05 of 2nd period - Jeff Carter wins face-off versus Nathan MacKinnon in LAS VEGAS LIZARD KINGS zone.
10:05 of 2nd period - Jeff Carter is hit by Nathan MacKinnon.
10:28 of 2nd period - Off-side.
10:29 of 2nd period - Phillip Danault wins face-off versus Ryan Nugent-Hopkins in neutral zone.
11:13 of 2nd period - Shot by Joe Pavelski.
11:13 of 2nd period - Shot Misses the Net.
11:30 of 2nd period - Icing by Dmitry Kulikov.
11:31 of 2nd period - Connor McDavid wins face-off versus Vladislav Namestnikov in LAS VEGAS LIZARD KINGS zone.
11:36 of 2nd period - Shot by Nathan MacKinnon.
11:36 of 2nd period - Shot Misses the Net.
11:38 of 2nd period - Shot by Alex Killorn.
11:38 of 2nd period - Shot Hit the Post.
11:52 of 2nd period - Shot by Brandon Hagel.
11:52 of 2nd period - Stopped by Darcy Kuemper without a rebound.
11:53 of 2nd period - Jeff Carter wins face-off versus Erik Haula in ANCHORAGE ACES zone.
11:53 of 2nd period - Matthew Grzelcyk is hit by Ryan Pulock and loses puck.
11:58 of 2nd period - Shot by Dillon Dube.
11:58 of 2nd period - Stopped by Darcy Kuemper without a rebound.
11:59 of 2nd period - Connor McDavid wins face-off versus Ryan Nugent-Hopkins in ANCHORAGE ACES zone.
12:14 of 2nd period - Shot by Connor McDavid.
12:14 of 2nd period - Stopped by Sergei Bobrovsky without a rebound.
12:15 of 2nd period - Vladislav Namestnikov wins face-off versus Erik Haula in LAS VEGAS LIZARD KINGS zone.
12:51 of 2nd period - Marcus Johansson is hit by Evan Rodrigues and loses puck.
14:02 of 2nd period - Shot by Joe Pavelski.
14:02 of 2nd period - Stopped by Darcy Kuemper without a rebound.
14:03 of 2nd period - Jeff Carter wins face-off versus Phillip Danault in ANCHORAGE ACES zone.
14:07 of 2nd period - Dillon Dube is hit by Jani Hakanpaa and loses puck.
14:32 of 2nd period - Shot by Phillip Danault.
14:32 of 2nd period - Shot Misses the Net.
14:41 of 2nd period - Icing by Jeff Carter.
14:42 of 2nd period - Jeff Carter wins face-off versus Marcus Johansson in LAS VEGAS LIZARD KINGS zone.
15:27 of 2nd period - Shot by Erik Haula.
15:27 of 2nd period - Stopped by Sergei Bobrovsky without a rebound.
15:28 of 2nd period - Vladislav Namestnikov wins face-off versus Connor McDavid in LAS VEGAS LIZARD KINGS zone.
15:30 of 2nd period - Icing by Brandon Hagel.
15:31 of 2nd period - Connor McDavid wins face-off versus Brandon Hagel in LAS VEGAS LIZARD KINGS zone.
15:37 of 2nd period - Icing by Matt Roy.
15:38 of 2nd period - Connor McDavid wins face-off versus Vladislav Namestnikov in LAS VEGAS LIZARD KINGS zone.
16:38 of 2nd period - Icing by Dmitry Kulikov.
16:39 of 2nd period - Phillip Danault wins face-off versus Vladislav Namestnikov in LAS VEGAS LIZARD KINGS zone.
17:18 of 2nd period - Shot by Ryan Nugent-Hopkins.
17:18 of 2nd period - Shot Blocked by Filip Hronek.
17:20 of 2nd period - Shot by John Marino.
17:20 of 2nd period - Stopped by Darcy Kuemper without a rebound.
17:21 of 2nd period - Erik Haula wins face-off versus Jeff Carter in ANCHORAGE ACES zone.
17:21 of 2nd period - Erik Haula is hit by Dillon Dube.
17:51 of 2nd period - Icing by Patrik Nemeth.
17:52 of 2nd period - Jeff Carter wins face-off versus Connor McDavid in LAS VEGAS LIZARD KINGS zone.
17:52 of 2nd period - Jeff Carter is hit by Connor McDavid.
17:57 of 2nd period - Off-side.
17:58 of 2nd period - Connor McDavid wins face-off versus Ryan Nugent-Hopkins in neutral zone.
18:06 of 2nd period - Icing by John Marino.
18:07 of 2nd period - Ryan Nugent-Hopkins wins face-off versus Connor McDavid in LAS VEGAS LIZARD KINGS zone.
18:37 of 2nd period - Shot by Connor McDavid.
18:37 of 2nd period - Shot Misses the Net.
18:39 of 2nd period - Shot by Connor McDavid.
18:39 of 2nd period - Shot Misses the Net.
18:55 of 2nd period - Shot by Jakob Chychrun.
18:55 of 2nd period - Stopped by Sergei Bobrovsky without a rebound.
18:56 of 2nd period - Phillip Danault wins face-off versus Evan Rodrigues in LAS VEGAS LIZARD KINGS zone.
19:05 of 2nd period - Filip Hronek is hit by Brandon Hagel and loses puck.
19:16 of 2nd period - Shot by Brandon Hagel.
19:16 of 2nd period - Shot Misses the Net.
19:18 of 2nd period - Shot by Evan Rodrigues.
19:18 of 2nd period - Shot Blocked by Ryan Pulock.
19:20 of 2nd period - Shot by Matt Roy.
19:20 of 2nd period - Stopped by Darcy Kuemper without a rebound.
19:21 of 2nd period - Jeff Carter wins face-off versus Erik Haula in ANCHORAGE ACES zone.
19:30 of 2nd period - Shot by Dillon Dube.
19:30 of 2nd period - Deflect By Victor Olofsson.
19:30 of 2nd period - Shot Misses the Net.
19:49 of 2nd period - Yegor Sharangovich is hit by Patrik Nemeth and loses puck.
19:56 of 2nd period - Shot by Erik Haula.
19:56 of 2nd period - Shot Misses the Net.
Goals for this period are 0 for LAS VEGAS LIZARD KINGS vs 1 for ANCHORAGE ACES.
Shots for this period are 9 for LAS VEGAS LIZARD KINGS vs 8 for ANCHORAGE ACES.

3rd period


0:01 of 3rd period - Connor McDavid wins face-off versus Ryan Nugent-Hopkins in neutral zone.
1:06 of 3rd period - Shot by Alexander DeBrincat.
1:06 of 3rd period - Stopped by Sergei Bobrovsky without a rebound.
1:07 of 3rd period - Erik Haula wins face-off versus Vladislav Namestnikov in LAS VEGAS LIZARD KINGS zone.
1:44 of 3rd period - Shot by Yegor Sharangovich.
1:44 of 3rd period - Shot Misses the Net.
1:46 of 3rd period - Shot by Marcus Johansson.
1:46 of 3rd period - Shot Blocked by Vladislav Namestnikov.
1:48 of 3rd period - Shot by Yegor Sharangovich.
1:48 of 3rd period - Deflect By Marcus Johansson.
1:48 of 3rd period - Shot Hit the Post.
1:50 of 3rd period - Shot by Jack Johnson.
1:50 of 3rd period - Shot Misses the Net.
1:52 of 3rd period - Shot by Erik Haula.
1:52 of 3rd period - Shot Blocked by Evan Rodrigues.
2:53 of 3rd period - Icing by Matt Roy.
2:54 of 3rd period - Vladislav Namestnikov wins face-off versus Connor McDavid in LAS VEGAS LIZARD KINGS zone.
3:51 of 3rd period - Off-side.
3:52 of 3rd period - Ryan Nugent-Hopkins wins face-off versus Phillip Danault in neutral zone.
4:16 of 3rd period - Shot by Chris Kreider.
4:16 of 3rd period - Stopped by Sergei Bobrovsky with a rebound.
4:18 of 3rd period - Shot by Jack Johnson.
4:18 of 3rd period - Shot Misses the Net.
4:20 of 3rd period - Shot by Alexander DeBrincat.
4:20 of 3rd period - Shot Misses the Net.
4:37 of 3rd period - Shot by Alexander DeBrincat.
4:37 of 3rd period - Deflect By Chris Kreider.
4:37 of 3rd period - Shot Misses the Net.
4:39 of 3rd period - Shot by Jani Hakanpaa.
4:39 of 3rd period - Stopped by Sergei Bobrovsky without a rebound.
4:40 of 3rd period - Dillon Dube wins face-off versus Marcus Johansson in LAS VEGAS LIZARD KINGS zone.
5:50 of 3rd period - Off-side.
5:51 of 3rd period - Chris Kreider wins face-off versus Ryan Nugent-Hopkins in neutral zone.
6:06 of 3rd period - Shot by Chris Kreider.
6:06 of 3rd period - Stopped by Sergei Bobrovsky without a rebound.
6:07 of 3rd period - Connor McDavid wins face-off versus Luke Glendening in LAS VEGAS LIZARD KINGS zone.
7:42 of 3rd period - Icing by John Marino.
7:43 of 3rd period - Luke Glendening wins face-off versus Erik Haula in LAS VEGAS LIZARD KINGS zone.
7:43 of 3rd period - Luke Glendening is hit by Erik Haula.
7:53 of 3rd period - Icing by John Marino.
7:54 of 3rd period - Erik Haula wins face-off versus Ty Dellandrea in LAS VEGAS LIZARD KINGS zone.
8:03 of 3rd period - Luke Glendening is hit by Marcus Johansson and loses puck.
9:16 of 3rd period - Alexander DeBrincat is hit by Johnny Gaudreau and loses puck.
11:26 of 3rd period - Shot by Evan Rodrigues.
11:26 of 3rd period - Shot Misses the Net.
11:37 of 3rd period - Icing by Ryan Pulock.
11:38 of 3rd period - Vladislav Namestnikov wins face-off versus Erik Haula in ANCHORAGE ACES zone.
12:34 of 3rd period - Icing by Brandon Hagel.
12:35 of 3rd period - Vladislav Namestnikov wins face-off versus Connor McDavid in LAS VEGAS LIZARD KINGS zone.
12:44 of 3rd period - Shot by Alex Killorn.
12:44 of 3rd period - Stopped by Sergei Bobrovsky without a rebound.
12:45 of 3rd period - Luke Glendening wins face-off versus Connor McDavid in LAS VEGAS LIZARD KINGS zone.
13:09 of 3rd period - Shot by Connor McDavid.
13:09 of 3rd period - Stopped by Sergei Bobrovsky without a rebound.
13:10 of 3rd period - Jeff Carter wins face-off versus Phillip Danault in LAS VEGAS LIZARD KINGS zone.
13:36 of 3rd period - Shot by Chris Kreider.
13:36 of 3rd period - Shot Misses the Net.
13:38 of 3rd period - Shot by Phillip Danault.
13:38 of 3rd period - Shot Blocked by Jeff Carter.
13:40 of 3rd period - Shot by Jakob Chychrun.
13:40 of 3rd period - Shot Blocked by Jeff Carter.
13:41 of 3rd period - Minor Penalty to Patrik Nemeth for Hooking.
13:42 of 3rd period - Phillip Danault wins face-off versus Ty Dellandrea in LAS VEGAS LIZARD KINGS zone.
13:52 of 3rd period - Off-side.
13:53 of 3rd period - Connor McDavid wins face-off versus Ty Dellandrea in neutral zone.
14:10 of 3rd period - Shot by Alexander DeBrincat.
14:10 of 3rd period - Shot Misses the Net.
14:12 of 3rd period - Shot by Chris Kreider.
14:12 of 3rd period - Shot Blocked by Ty Dellandrea.
14:14 of 3rd period - Shot by Connor McDavid.
14:14 of 3rd period - Shot Misses the Net.
14:16 of 3rd period - Shot by Ryan Pulock.
14:16 of 3rd period - Shot Misses the Net.
14:18 of 3rd period - Shot by Ryan Pulock.
14:18 of 3rd period - Stopped by Sergei Bobrovsky without a rebound.
14:19 of 3rd period - Phillip Danault wins face-off versus Joe Pavelski in LAS VEGAS LIZARD KINGS zone.
14:20 of 3rd period - Shot by Nathan MacKinnon.
14:20 of 3rd period - Stopped by Sergei Bobrovsky without a rebound.
14:21 of 3rd period - Ty Dellandrea wins face-off versus Phillip Danault in LAS VEGAS LIZARD KINGS zone.
14:21 of 3rd period - Ty Dellandrea is hit by Phillip Danault.
14:32 of 3rd period - Ty Dellandrea is hit by Jakob Chychrun and loses puck.
14:36 of 3rd period - Icing by Nathan MacKinnon.
14:37 of 3rd period - Phillip Danault wins face-off versus Ty Dellandrea in ANCHORAGE ACES zone.
14:44 of 3rd period - Shot by Nathan MacKinnon.
14:44 of 3rd period - Shot Misses the Net.
14:46 of 3rd period - Shot by Nathan MacKinnon.
14:46 of 3rd period - Shot Misses the Net.
14:48 of 3rd period - Shot by Nathan MacKinnon.
14:48 of 3rd period - Shot Blocked by John Marino.
15:10 of 3rd period - Shot by Jakob Chychrun.
15:10 of 3rd period - Stopped by Sergei Bobrovsky without a rebound.
15:11 of 3rd period - Joe Pavelski wins face-off versus Connor McDavid in LAS VEGAS LIZARD KINGS zone.
15:48 of 3rd period - Shot by Erik Haula.
15:48 of 3rd period - Goal by Erik Haula - LAS VEGAS LIZARD KINGS : 0 - ANCHORAGE ACES : 3.
15:49 of 3rd period - Erik Haula wins face-off versus Jeff Carter in neutral zone.
15:49 of 3rd period - Marcus Johansson is hit by Dillon Dube and loses puck.
15:53 of 3rd period - Jani Hakanpaa is hit by Dmitry Kulikov and loses puck.
16:49 of 3rd period - Shot by Alex Killorn.
16:49 of 3rd period - Stopped by Sergei Bobrovsky without a rebound.
16:50 of 3rd period - Connor McDavid wins face-off versus Vladislav Namestnikov in LAS VEGAS LIZARD KINGS zone.
16:57 of 3rd period - Shot by Connor McDavid.
16:57 of 3rd period - Shot Misses the Net.
16:59 of 3rd period - Shot by Ryan Pulock.
16:59 of 3rd period - Shot Misses the Net.
17:55 of 3rd period - Shot by Alexander DeBrincat.
17:55 of 3rd period - Shot Misses the Net.
17:57 of 3rd period - Shot by Chris Kreider.
17:57 of 3rd period - Shot Misses the Net.
18:05 of 3rd period - Shot by Alexander DeBrincat.
18:05 of 3rd period - Stopped by Sergei Bobrovsky without a rebound.
18:06 of 3rd period - Erik Haula wins face-off versus Ryan Nugent-Hopkins in LAS VEGAS LIZARD KINGS zone.
18:51 of 3rd period - Shot by Johnny Gaudreau.
18:51 of 3rd period - Deflect By Ryan Nugent-Hopkins.
18:51 of 3rd period - Shot Misses the Net.
19:47 of 3rd period - Minor Penalty to Dillon Dube for Hooking.
19:48 of 3rd period - Ty Dellandrea wins face-off versus Connor McDavid in LAS VEGAS LIZARD KINGS zone.
19:48 of 3rd period - Ty Dellandrea is hit by Chris Kreider.
Goals for this period are 0 for LAS VEGAS LIZARD KINGS vs 1 for ANCHORAGE ACES.
Shots for this period are 0 for LAS VEGAS LIZARD KINGS vs 12 for ANCHORAGE ACES.


BLAKE
WHEELER
STEVEN
STAMKOS
DREW
DOUGHTY

EAST COAST

HOCKEY LEAGUE

  • 63.RHI2PIT5
  • 64.WOR4ATL3
  • 65.QUECHW
  • 66.CHATRV